 Dungeon Crawl Stone Soup version 0.28.0 (webtiles) character file.

Game seed: 13507902971342353536

262 Majang the Ruffian (level 6, -4/58 HPs)
             Began as a Naga Fighter on Feb 18, 2022.
             Splashed by a jelly's acid (9 damage)
             ... on level 4 of the Dungeon.
             The game lasted 00:08:46 (3669 turns).

Majang the Ruffian (Naga Fighter)                   Turns: 3669, Time: 00:08:47

Health: -4/58      AC: -7    Str: 28    XL:     6   Next: 18%
Magic:  6/6        EV:  8    Int:  9    God:
Gold:   110        SH:  4    Dex: 10    Spells: 5/5 levels left

rFire   . . .      SeeInvis +     - Unarmed
rCold   . . .      Faith    .   b - +0 buckler
rNeg    . . .      Spirit   .   j - +1 leather armour of Xocelofa {rElec Will- Str+8}
rPois   +          Reflect  .   (no helmet)
rElec   +          Harm     .   (no cloak)
rCorr   .          Rampage  .   (no gloves)
Will    .....                   (no barding)
Stlth   +.........              (no amulet)
HPRegen 0.19/turn               (no ring)
MPRegen 0.10/turn               (no ring)

@: corroded, very slow
A: AC +2, large, see invisible, deformed body, poison resistance, slowness 2,
spit poison 1, naga tail 1
a: Spit Poison


You were on level 4 of the Dungeon.
You visited 1 branch of the dungeon, and saw 4 of its levels.

You collected 110 gold pieces.

Inventory:

Missiles
 e - 51 arrows
 l - a throwing net
Armour
 a - a +0 scale mail
 b - a +0 buckler (worn)
 j - the +1 leather armour of Xocelofa (worn) {rElec Will- Str+8}
   (You took it off a goblin on level 2 of the Dungeon)

   Str:       It affects your strength (+8).
   rElec:     It insulates you from electricity.
   Will:      It decreases your willpower.
Wands
 k - a wand of acid (4)
Scrolls
 f - 2 scrolls of identify
 h - 2 scrolls of teleportation
Potions
 c - a potion of might


   Skills:
 + Level 4.5 Fighting
 - Level 2.4 Armour
 - Level 2.4 Shields
 * Level 5.3 Unarmed Combat


You had 5 spell levels left.
You didn't know any spells.
Your spell library contained the following spells:

 Spells                   Type           Power      Damage    Failure   Level
 Summon Small Mammal      Summ           0%         N/A       50%         1
 Call Canine Familiar     Summ           0%         N/A       86%         3
 Summon Guardian Golem    Hex/Summ       0%         N/A       86%         3


Dungeon Overview and Level Annotations

Branches:
Dungeon (4/15)
 Temple: D:4-7

Altars:


Innate Abilities, Weirdness & Mutations

Your serpentine skin is tough. (AC +2)
You have supernaturally acute eyesight. (SInv)
Armour fits poorly on your strangely shaped body.
Your system is resistant to poisons. (rPois)
You cover ground very slowly.
You can spit poison.
You have a snake-like lower body.


Message History

The jelly is lightly wounded.
The jelly quivers.
You have got your breath back.
The splash of poison hits the jelly.
The jelly is lightly wounded.
The jelly hits you but does no damage.
You hit the jelly. The acid corrodes you!
Your hands burn!
The jelly is moderately wounded.
The jelly hits you.
You are splashed with acid!
You hit the jelly but do no damage.
Your hands burn!
The jelly is moderately wounded.
The jelly hits you. The acid corrodes you!
You are splashed with acid!
You hit the jelly.
Your hands burn!
The jelly is moderately wounded.
You have got your breath back.
You block the jelly's attack.
You punch the jelly!
Your hands burn!
The jelly is almost dead.
The jelly barely misses you. The hound skeleton bites you.
You hit the jelly but do no damage.
Your hands burn!
The jelly is almost dead.
The jelly hits you.
* * * LOW HITPOINT WARNING * * *
The acid corrodes you!
You are splashed with acid!
* * * LOW HITPOINT WARNING * * *
The hound skeleton bites you.
* * * LOW HITPOINT WARNING * * *
You hit the jelly.
Your hands burn!
* * * LOW HITPOINT WARNING * * *
The jelly is almost dead.
The hound skeleton bites you.
* * * LOW HITPOINT WARNING * * *
The jelly barely misses you.
Unknown command.
You feel better.
The hound skeleton completely misses you.
The jelly hits you.
* * * LOW HITPOINT WARNING * * *
You are splashed with acid!
You die...

#.....#
#.#...
#>....#
#.# ...
#.....#
#.....#
##..#.##
#.##..#
...###.#
.....
#Z#
#......
#@#
#.....
#J##
#...
#..#
##.# #.#
#.# #.#
#.# #..
.


You could see a jelly and a hound skeleton.

Vanquished Creatures
  Edmund (D:4)
  2 iguanas
  3 adders
  An adder skeleton (D:4)
  A worm (D:2)
  2 orcs (D:3)
  6 endoplasms
  4 giant cockroaches
  5 goblins
  5 hobgoblins
  4 jackals (D:2)
  3 quokkas
  9 ball pythons
  5 bats
  4 frilled lizards
  4 kobolds
  5 rats
64 creatures vanquished.

Notes
Turn   | Place    | Note
-------+----------+-------------------------------------------
     0 | D:1      | Majang the Naga Fighter began the quest for the Orb.
     0 | D:1      | Reached XP level 1. HP: 21/21 MP: 1/1
   222 | D:1      | Reached XP level 2. HP: 24/28 MP: 2/2
  1136 | D:2      | Reached skill level 3 in Unarmed Combat
  1205 | D:2      | Reached XP level 3. HP: 34/34 MP: 3/3
  1818 | D:2      | Identified the +1 leather armour of Xocelofa {rElec Will-
                  | Str+8}
  2156 | D:2      | Reached XP level 4. HP: 41/44 MP: 4/4
  2728 | D:3      | Reached skill level 4 in Unarmed Combat
  3063 | D:4      | Noticed Edmund
  3070 | D:4      | Killed Edmund
  3071 | D:4      | Reached XP level 5. HP: 20/51 MP: 5/5
  3261 | D:3      | HP: 2/51 [iguana (11)]
  3263 | D:3      | Reached skill level 5 in Unarmed Combat
  3263 | D:3      | Reached XP level 6. HP: 2/58 MP: 6/6
  3668 | D:4      | HP: 1/58 [hound skeleton (4)]
  3669 | D:4      | Splashed by a jelly's acid

Illustrated notes

Levels and vault maps discovered:
D:1:      minmay_arrival_four_circles, layout_basic
D:2:      layout_basic
D:3:      layout_basic
D:4:      layout_rooms, minmay_manual_monolith, uniq_edmund

Skill      XL: |  1  2  3  4  5 |
---------------+----------------+-----
Unarmed Combat | 3 4 5 |  5.3
Fighting       | 4 |  4.5
Armour         | |  2.4
Shields        | |  2.4

Action                   |  1- 3 |  4- 6 || total
-------------------------+-------+-------++-------
Melee: Unarmed           |    52 |    49 ||   101
 Abil: Spit Poison       |    45 |    24 ||    69
Evoke: Wand              |       |     6 ||     6
  Use: Scroll            |       |     4 ||     4
       Potion            |       |     1 ||     1
Armor: Scale mail        |    13 |       ||    13
       Leather armour    |     4 |    14 ||    18
Dodge: Dodged            |    13 |    15 ||    28
Block: Buckler           |     8 |     8 ||    16
